Map: Blackburn LE

Players

HeroMarine - Winner!

  • Race: Terran Terran
  • League: Master

Geralt (Gerald)

  • Race: Protoss Protoss
  • League: Grandmaster

Event: DreamHack SC2 Masters 2021 Summer

VOD

Have the link to the VOD?

Description

Time

  • Played on: May 21, 2021, 10:27 a.m.
  • Length: 11:02

All games in this series

Show
View Real Time Build Order
Export as new Build Order

HeroMarine Terran - Winner!

Build Orders: Reaper Expand 

Get SALT Encoding   

  12  0:00  SCV  
  13  0:12  SCV  
  14  0:17  Supply Depot  
  14  0:24  SCV  
  15  0:38  SCV  
  15  0:40  Barracks  
  16  0:43  Refinery  
  16  0:50  SCV  
  17  1:03  SCV  
  18  1:15  SCV  
  19  1:27  Orbital Command, Reaper  
  20  1:43  Command Center  
  20  1:50  Supply Depot  
  20  1:53  SCV  
  21  1:59  Marine  
  22  2:05  SCV  
  23  2:09  Factory  
  23  2:17  SCV  
  23  2:18  Bunker  
  23  2:21  Barracks Reactor  
  24  2:25  Refinery  
  25  2:30  SCV  
  25  2:42  SCV  
  26  2:54  SCV  
  26  2:57  Starport, Marine x2  
  31  3:02  Widow Mine  
  31  3:04  Orbital Command  
  30  3:06  SCV  
  31  3:15  Marine x2  
  31  3:18  SCV, Supply Depot  
  34  3:24  Widow Mine  
  36  3:30  SCV x2  
  36  3:34  Marine, Viking  
  40  3:37  Marine  
  42  3:42  SCV x2  
  42  3:48  Factory Tech Lab  
  44  3:49  Barracks  
  44  3:52  Marine  
  44  3:54  SCV  
  44  3:55  Marine  
  47  3:59  SCV  
  48  4:04  Viking  
  48  4:06  SCV  
  48  4:09  Marine  
  51  4:12  Marine  
  54  4:20  SCV x2  
  56  4:27  Marine  
  56  4:30  Marine  
  53  4:32  SCV x2  
  53  4:33  Barracks, Engineering Bay  
  55  4:38  Starport Tech Lab  
  55  4:44  SCV x2  
  55  4:45  Marine  
  58  4:48  Marine, Stimpack  
  58  4:50  Refinery  
  59  4:54  Marauder  
  59  4:56  SCV  
  62  5:00  Terran Infantry Weapons Level 1  
  62  5:14  Supply Depot  
  62  5:15  SCV x2, Marine  
  62  5:16  Marauder  
  62  5:17  Supply Depot  
  62  5:20  Factory Reactor  
  67  5:23  Starport Reactor  
  67  5:24  Refinery, Supply Depot  
  67  5:27  SCV, Combat Shield  
  68  5:29  SCV  
  69  5:37  Marauder  
  69  5:38  Marauder  
  69  5:40  SCV  
  69  5:41  SCV  
  75  5:43  Marine  
  75  5:44  Marine  
  77  5:53  Missile Turret  
  79  5:57  Widow Mine x2  
  79  5:59  Medivac x2  
  79  6:02  Marauder  
  89  6:06  Supply Depot  
  89  6:09  Supply Depot  
  89  6:14  Marine x2  
  89  6:17  SCV x2  
  93  6:24  Marauder  
  93  6:28  Widow Mine x2, Supply Depot  
  93  6:29  Marauder  
  93  6:30  Concussive Shells  
  99  6:37  Medivac x2  
  101  6:43  SCV  
  101  6:44  SCV  
  101  6:45  Marauder  
  101  6:46  Marine x2  
  107  6:51  Widow Mine x2, Marauder  
  113  6:59  Supply Depot  
  111  7:07  Marauder, Marine x2  
  115  7:09  Medivac  
  115  7:15  Marauder  
  117  7:16  SCV  
  117  7:17  SCV  
  117  7:20  Medivac  
  119  7:25  Marine x2  
  119  7:28  Marauder  
  125  7:30  Widow Mine  
  125  7:36  Marauder  
  120  7:43  Marine x2  
  117  7:49  SCV x2, Marauder  
  109  7:52  Widow Mine  
  109  7:54  Widow Mine  
  109  7:58  Marauder  
  106  8:01  Marine x2  
  106  8:02  Medivac x2  
  108  8:11  Marauder  
  110  8:16  Terran Infantry Armor Level 1  
  110  8:17  Command Center  
  110  8:18  Marine  
  110  8:19  Marine  
  112  8:21  Armory  
  112  8:27  Marine  
  112  8:28  Widow Mine  
  112  8:29  Widow Mine  
  112  8:32  Marauder  
  119  8:37  Barracks  
  119  8:39  Marauder  
  119  8:40  Barracks  
  121  8:42  Marine  
  121  8:44  Marine  
  121  8:45  SCV x2  
  124  8:52  Widow Mine x2  
  124  8:53  Medivac  
  126  8:55  Marauder  
  126  8:56  Medivac  
  126  9:01  SCV  
  126  9:03  Engineering Bay  
  126  9:06  SCV, Marine, Supply Depot  
  126  9:07  Supply Depot  
Show
View Real Time Build Order
Export as new Build Order

Geralt Protoss 

Build Orders: 1 Gate Expand, Oracle Opening 

Get SALT Encoding   

  12  0:00  Probe  
  13  0:13  Probe  
  14  0:17  Pylon  
  14  0:25  Probe (Chrono Boost)  
  15  0:36  Gateway  
  15  0:37  Probe (Chrono Boost)  
  16  0:44  Probe (Chrono Boost)  
  16  0:46  Assimilator  
  17  0:51  Probe  
  18  1:03  Probe  
  19  1:15  Probe  
  20  1:23  Cybernetics Core  
  20  1:29  Probe  
  21  1:36  Nexus  
  21  1:44  Pylon  
  22  1:47  Probe  
  22  1:55  Assimilator  
  22  1:59  Probe, Adept (Chrono Boost)  
  25  2:11  Probe  
  25  2:12  Pylon  
  26  2:20  Adept (Chrono Boost)  
  28  2:25  Probe  
  29  2:34  Stargate  
  29  2:37  Probe  
  29  2:43  Adept  
  32  2:51  Warp Gate  
  32  2:56  Probe  
  33  3:04  Probe  
  34  3:08  Probe, Void Ray (Chrono Boost)  
  35  3:16  Probe  
  40  3:20  Probe, Shield Battery  
  41  3:28  Probe  
  41  3:32  Gateway  
  42  3:34  Probe  
  43  3:41  Oracle (Chrono Boost)  
  43  3:43  Probe  
  43  3:46  Probe  
  48  4:04  Probe  
  49  4:11  Probe  
  50  4:17  Probe  
  50  4:23  Probe  
  52  4:25  Twilight Council  
  52  4:26  Gateway  
  52  4:29  Probe  
  53  4:35  Probe  
  53  4:36  Nexus  
  54  4:38  Pylon  
  54  4:44  Assimilator  
  54  4:47  Assimilator  
  54  4:56  Probe x2  
  54  4:57  Gateway  
  54  4:58  Gateway  
  56  5:00  Pylon  
  56  5:07  Blink (Chrono Boost)  
  56  5:08  Probe x2  
  56  5:11  Stalker  
  56  5:12  Stalker  
  62  5:20  Probe x2, Forge  
  64  5:24  Shield Battery, Pylon  
  64  5:26  Sentry  
  66  5:32  Probe x2  
  68  5:36  Stalker  
  70  5:44  Probe x2  
  72  5:51  Gateway  
  72  5:52  Protoss Ground Weapons Level 1 (Chrono Boost)  
  72  5:54  Stalker x2  
  72  5:57  Probe x2  
  74  5:58  Stalker  
  74  6:03  Probe  
  77  6:08  Templar Archives  
  77  6:09  Probe x2  
  79  6:12  Zealot  
  79  6:15  Probe  
  79  6:18  Pylon  
  82  6:21  Probe x2  
  82  6:23  Stalker  
  86  6:27  Probe  
  87  6:33  Probe  
  87  6:39  Probe  
  83  6:40  Zealot  
  83  6:41  Zealot x3  
  83  6:44  Psionic Storm  
  83  6:46  Photon Cannon  
  91  6:47  Photon Cannon  
  91  6:48  Probe  
  91  6:49  Pylon  
  91  6:50  Charge (Chrono Boost)  
  92  7:03  Pylon  
  92  7:05  Pylon  
  92  7:07  Pylon  
  92  7:08  Stalker x4  
  94  7:12  High Templar  
  100  7:20  Pylon  
  100  7:21  Pylon  
  100  7:24  Shield Battery  
  100  7:25  Zealot  
  100  7:26  Pylon  
  99  7:35  Zealot x4  
  101  7:48  Probe  
  82  7:53  Stalker x2  
  78  8:02  Zealot x2  
  78  8:03  Probe, Zealot x2  
  78  8:04  Probe x2  
  85  8:06  Assimilator  
  85  8:10  Assimilator  
  85  8:16  Probe, Gateway  
  85  8:17  Gateway, High Templar x2, Photon Cannon  
  85  8:19  Shield Battery  
  90  8:20  Gateway, High Templar x2  
  90  8:22  Gateway  
  90  8:25  Zealot x2  
  90  8:26  Probe  
  99  8:33  Pylon  
  89  8:42  Zealot x3  
  73  8:48  Archon  
  73  8:50  Zealot x3  
  63  8:59  Probe  
  54  9:04  Stalker x3  
Tags
 
Add a new tag
Caveats
  • Supply blocks, unpowered buildings, or Contaminate may cause inaccurate times.
  • Supply counts are checked every 10 seconds.